 Dungeon Sprint DCSS version 0.30-a0-737-gf23d94013f (webtiles) character file.

Game seed: 5005241328262060299

375 BigDaddyOpFi the Hill Orc Catastrophe (level 6, -2/61 HPs)
             Began as a Hill Orc Fighter on Feb 1, 2023.
             Was an Elder of Qazlal.
             Killed from afar by a lindwurm (27 damage)
             ... with a blast of flame
             ... in the Dungeon (Sprint VII: "The Pits").
             The game lasted 00:01:00 (580 turns).

BigDaddyOpFi the Hill Orc Catastrophe (HOFi)         Turns: 580, Time: 00:01:01

Health: -2/61      AC: 15    Str: 21    XL:     6   Next: 72%
Magic:  13/13      EV:  6    Int:  8    God:    Qazlal [****..]
Gold:   0          SH: 11    Dex: 10    Spells: 5/5 levels left

rFire   . . .      SeeInvis .    a - +0 war axe
rCold   . . .      Faith    .    c - +0 buckler
rNeg    . . .      Spirit   .    l - +2 plate armour
rPois   .          Reflect  .    (no helmet)
rElec   .          Harm     .    (no cloak)
rCorr   .          Rampage  .    (no gloves)
Will    .....      NoTele   +    (no boots) Stlth
                                 (no amulet)
HPRegen 0.30/turn                (no ring)
MPRegen 0.13/turn                (no ring)

@: repel missiles
A: no striking features
a: Renounce Religion, Upheaval, Elemental Force


You were in the Dungeon.
You worshipped Qazlal.
Qazlal was greatly pleased with you.
You visited 1 branch

Inventory:

Hand Weapons
 a - a +0 war axe (weapon)
Armour
 c - a +0 buckler (worn)
 l - a +2 plate armour (worn)
Wands
 b - a wand of digging (5)
Scrolls
 j - a scroll of blinking
Potions
 d - a potion of might
 e - 6 potions of curing
 f - 5 potions of heal wounds
 g - a potion of haste
 h - 4 potions of magic
 i - 2 potions of berserk rage
 k - 2 potions of invisibility


   Skills:
 + Level 7.9 Fighting
 + Level 7.9 Axes
 + Level 6.9 Armour
 + Level 6.9 Shields
 * Level 10.3 Invocations


You had 5 spell levels left.
You didn't know any spells.
Your spell library was empty.

Dungeon Overview and Level Annotations

Branches:
Dungeon (1/1)

Altars:
Ashenzari
Cheibriados
Dithmenos
Elyvilon
Fedhas
Gozag
Hepliaklqana
Kikubaaqudgha
Makhleb
Nemelex Xobeh
Okawaru
Qazlal
Ru
Sif Muna
Trog
Uskayaw
Vehumet
Wu Jian
Xom
Yredelemnul
Zin
The Shining One
Beogh
Jiyva
Lugonu


Message History

You destroy the adder zombie!
Qazlal accepts your kill.
There is an open door here.
You open the door.
A lindwurm comes into view.
The lindwurm roars!
You slash the lindwurm!
The lindwurm is moderately wounded.
The lindwurm bites you but does no damage.
You block the lindwurm's attack. x2
You barely miss the lindwurm.
The lindwurm is moderately wounded.
The lindwurm breathes flames at you. The blast of flame hits you!!
You barely miss the lindwurm.
The lindwurm is moderately wounded.
The lindwurm bites you but does no damage.
The lindwurm claws you but does no damage. x2
You hit the lindwurm.
The lindwurm is moderately wounded.
You block the lindwurm's attack. x2
The lindwurm claws you but does no damage.
You slash the lindwurm!
The lindwurm is heavily wounded.
The lindwurm closely misses you.
The lindwurm claws you but does no damage.
The lindwurm claws you.
You barely miss the lindwurm.
The lindwurm is heavily wounded.
The lindwurm bites you! You block the lindwurm's attack.
The lindwurm claws you but does no damage.
You barely miss the lindwurm.
The lindwurm is heavily wounded.
You block the lindwurm's attack. The lindwurm claws you.
The lindwurm claws you but does no damage.
You slash the lindwurm!
The lindwurm is severely wounded.
The lindwurm breathes flames at you. The blast of flame hits you!!
You die...

#†#........##.......#
#)###########.......#
#.......# #########
#..###..# #.......#
##.###.##+#
#.......#.+
#..###..#k#
#.......'@#
###########


You could see a lindwurm (catching breath).

Vanquished Creatures
  An ice beast (D)
  A black bear (D)
  A wolf (D)
  Blork the orc (D)
  A gnoll (D)
  2 adders (D)
  An adder zombie (D)
  A giant cockroach (D)
  A goblin (D)
  4 jackals (D)
  2 ball pythons (D)
  A bat (D)
  2 frilled lizards (D)
19 creatures vanquished.

Notes
Turn   | Place    | Note
-------+----------+-------------------------------------------
     0 | D        | BigDaddyOpFi the Hill Orc Fighter began the quest for the
                  | Orb.
     0 | D        | Reached XP level 1. HP: 19/19 MP: 1/1
    15 | D        | Found a bloodstained altar of Trog.
    15 | D        | Found a shimmering blue altar of Sif Muna.
    15 | D        | Found a viscous altar of Jiyva.
    15 | D        | Found a hazy altar of Hepliaklqana.
    15 | D        | Found an opulent altar of Gozag.
    16 | D        | Found a glowing golden altar of the Shining One.
    16 | D        | Found a glowing silver altar of Zin.
    16 | D        | Found a basalt altar of Yredelemnul.
    16 | D        | Found a shimmering altar of Xom.
    16 | D        | Found an ornate altar of the Wu Jian Council.
    16 | D        | Found a sacrificial altar of Ru.
    16 | D        | Found a stormy altar of Qazlal.
    16 | D        | Found an iron altar of Okawaru.
    16 | D        | Found a sparkling altar of Nemelex Xobeh.
    16 | D        | Found a burning altar of Makhleb.
    16 | D        | Found a blossoming altar of Fedhas.
    16 | D        | Found a white marble altar of Elyvilon.
    16 | D        | Found a shadowy altar of Dithmenos.
    16 | D        | Found a snail-covered altar of Cheibriados.
    17 | D        | Found a radiant altar of Vehumet.
    17 | D        | Found a corrupted altar of Lugonu.
    17 | D        | Found a roughly hewn altar of Beogh.
    18 | D        | Found a hide-covered altar of Uskayaw.
    18 | D        | Found an ancient bone altar of Kikubaaqudgha.
    18 | D        | Found a broken altar of Ashenzari.
    21 | D        | Became a worshipper of Qazlal Stormbringer
    49 | D        | Reached skill level 1 in Invocations
    54 | D        | Reached * piety under Qazlal
    75 | D        | Reached ** piety under Qazlal
    76 | D        | Reached skill level 3 in Invocations
    76 | D        | Reached XP level 2. HP: 17/28 MP: 2/4
    82 | D        | Reached skill level 4 in Invocations
    82 | D        | Reached XP level 3. HP: 13/34 MP: 2/6
    82 | D        | Reached *** piety under Qazlal
   362 | D        | Noticed a wolf
   363 | D        | Noticed a black bear
   364 | D        | Noticed Blork the orc
   365 | D        | Noticed an ice beast
   369 | D        | Killed a wolf
   370 | D        | Reached skill level 5 in Fighting
   370 | D        | Reached skill level 5 in Axes
   370 | D        | Reached skill level 5 in Armour
   370 | D        | Reached skill level 5 in Shields
   370 | D        | Reached skill level 7 in Invocations
   370 | D        | Reached XP level 4. HP: 44/44 MP: 6/9
   370 | D        | Reached XP level 5. HP: 50/50 MP: 6/10
   375 | D        | Killed a black bear
   376 | D        | Reached skill level 8 in Invocations
   380 | D        | Killed Blork the orc
   380 | D        | Reached **** piety under Qazlal
   381 | D        | Reached skill level 9 in Invocations
   381 | D        | Reached XP level 6. HP: 35/60 MP: 7/13
   392 | D        | Killed an ice beast
   393 | D        | Reached skill level 10 in Invocations
   572 | D        | Noticed a lindwurm
   580 | D        | Killed from afar by a lindwurm

Illustrated notes

Levels and vault maps discovered:
D:        pitsprint [storerooms_1, entrance_room_1, metal_vault_7, armoury_1,
          mini_pit_1, grid_room_1, main_hall_1, silver_pit, the_coven_1,
          the_vestibule_1, steel_vault_4, golden_pit, hallway_of_sentries,
          crystal_vault_2, iron_vault_1, final_vault]

Skill      XL: |  1  2  3  4  5  6 |
---------------+-------------------+-----
Axes           | 3 4 5 7 |  7.9
Invocations    | 3 4 7 9 10 | 10.3
Fighting       | 4 5 7 |  7.9
Armour         | 4 5 6 |  6.9
Shields        | 4 5 6 |  6.9

Action                     |  1- 3 |  4- 6 || total
---------------------------+-------+-------++-------
  Melee: War axe           |    23 |    32 ||    55
    Use: Potion            |     1 |     1 ||     2
 Armour: Scale mail        |    17 |       ||    17
         Plate armour      |     1 |    24 ||    25
  Dodge: Dodged            |    20 |     8 ||    28
  Block: Buckler           |    14 |    15 ||    29

Table legend: (Time is in decaauts)
 A = Elapsed time spent in this place.
 B = Non-inter-level travel time spent in this place.
 C = Inter-level travel time spent in this place.
 D = Time resting spent in this place.
 E = Time spent auto-exploring this place.
 F = Levels seen in this place.
 G = Mean time per level.
                   A        B        C        D        E       F      G
               +--------+--------+--------+--------+--------+-----+--------+
         Total |    602 |    583 |     19 |    392 |      0 |   1 |  602.0 |
       Dungeon |    602 |    583 |     19 |    392 |      0 |   1 |  602.0 |
               +--------+--------+--------+--------+--------+-----+--------+

Top non-repeatable levels by time:
       D: 602 daAuts
